 Dungeon Crawl Stone Soup version 0.23.2-40-g277498a001 (webtiles) character file.

Game seed: 6730044849412349536

332 Exodus22XD the Chopper (level 6, -4/53 HPs)
             Began as a Hill Orc Fighter on Sept 6, 2019.
             Was an Initiate of Beogh.
             Slain by Menkaure (18 damage)
             ... on level 5 of the Dungeon.
             The game lasted 00:04:19 (3781 turns).

Exodus22XD the Chopper (Hill Orc Fighter)           Turns: 3781, Time: 00:04:20

Health: -4/53      AC:  9    Str: 26    XL:     6   Next: 52%
Magic:  6/6        EV:  8    Int:  8    God:    Beogh [......]
Gold:   207        SH: 10    Dex: 10    Spells: 5/5 levels left

rFire    . . .     SeeInvis .   a - +0 war axe
rCold    + . .     Gourm    .   s - +0 shield {rC+}
rNeg     . . .     Faith    .   b - +0 scale mail
rPois    .         Spirit   .   e - +0 helmet
rElec    .         Reflect  .   (no cloak)
rCorr    .         Harm     .   (no gloves)
MR       .....                  j - +0 pair of boots
Stlth    ..........             (no amulet)
HPRegen  0.17/turn              (no ring)
MPRegen  0.10/turn              (no ring)

@: mighty, lethally poisoned (-4 -> -9)
A: no striking features
a: Renounce Religion


You were on level 5 of the Dungeon.
You worshipped Beogh.
Beogh was noncommittal.
You were hungry.

You visited 1 branch of the dungeon, and saw 5 of its levels.

You collected 207 gold pieces.

Inventory:

Hand Weapons
 a - a +0 war axe (weapon)
Armour
 b - a +0 scale mail (worn)
 e - a +0 helmet (worn)
 j - a +0 pair of boots (worn)
 s - a +0 shield of cold resistance (worn)
Wands
 r - a wand of digging (3)
Scrolls
 i - 2 scrolls of immolation {unknown}
 k - a scroll of enchant armour {unknown}
 m - 4 scrolls of teleportation
 o - a scroll of blinking {unknown}
 q - a scroll of fear {unknown}
 v - a scroll of fog {unknown}
Potions
 c - a potion of lignification
 d - a potion of might
 l - a potion of cancellation {unknown}
 p - 3 potions of brilliance
 t - a potion of agility {unknown}
 u - a potion of ambrosia {unknown}
Comestibles
 f - 12 rations


   Skills:
 + Level 4.5 Fighting
 + Level 5.5 Axes
 + Level 4.3 Armour
 * Level 2.1 Dodging
 + Level 4.3 Shields


You had 5 spell levels left.
You didn't know any spells.
Your spell library was empty.

Dungeon Overview and Level Annotations

Branches:
Dungeon (5/15)             Temple (0/1) D:5

Altars:
Ashenzari
Cheibriados
Fedhas
Gozag
Ru
Sif Muna
Vehumet
The Shining One

Annotations:
D:5 Menkaure


Message History

The centaur shouts!
You hit Menkaure.
Menkaure is moderately damaged.
You closely miss the worker ant. You hit the ball python.
You kill the ball python!
Beogh accepts your kill.
A phantom comes into view.
Menkaure gestures at you while chanting.
Pain shoots through your body! The worker ant bites you.
You are poisoned.
The worker ant poisons you! Menkaure hits you.
* * * LOW HITPOINT WARNING * * *
You barely miss Menkaure.
Menkaure is moderately damaged.
You hit the worker ant but do no damage.
You feel sick. The worker ant closely misses you. You block Menkaure's attack.
The worker ant bites you but does no damage.
A worker ant comes into view.
You block the worker ant's attack. Menkaure hits you!!
You die...

#.....##.##....<.o...
#..##..#.#..##o......
####...##.....##..o..#.#
#.......##...##..###.#..
#........#o..#..####.###
#....<...o.....oo..#..
########...oo......####
#............#.#####
#......@######).
#.....aM# ....
#......†...# .....
#......J.c.# .....#
#..................#
#.....?..###.##
#......... .W#
#.......a.. ...
#.######..## #.


You could see a phantom, Menkaure, a centaur, 2 worker ants, an ooze, a neutral
orc priest (wandering) and 3 neutral orcs.

Vanquished Creatures
  A phantom (D:5)
  A crimson imp (D:5)
  A jelly (D:5)
  An iguana (D:4)
  5 adders
  3 gnolls (D:3)
  3 worms
  A dart slug (D:3)
  2 leopard geckos (D:5)
  9 orcs
  2 giant cockroaches
  5 goblins
  6 hobgoblins
  5 quokkas
  2 ball pythons
  6 bats
  2 frilled lizards
  A jackal skeleton (D:5)
  6 kobolds
  A quokka zombie (D:5)
  4 rats
67 creatures vanquished.

Notes
Turn   | Place    | Note
-------+----------+-------------------------------------------
     0 | D:1      | Exodus22XD the Hill Orc Fighter began the quest for the
                  | Orb.
     0 | D:1      | Reached XP level 1. HP: 19/19 MP: 1/1
   213 | D:1      | Reached XP level 2. HP: 27/27 MP: 2/2
   887 | D:2      | Reached skill level 3 in Axes
  1163 | D:2      | Reached XP level 3. HP: 27/33 MP: 3/3
  1674 | D:3      | Reached skill level 1 in Dodging
  1685 | D:3      | Reached XP level 4. HP: 24/40 MP: 4/4
  2067 | D:3      | Reached skill level 4 in Axes
  2531 | D:4      | Reached XP level 5. HP: 36/46 MP: 5/5
  2685 | D:4      | Found a snail-covered altar of Cheibriados.
  2751 | D:4      | Found a shattered altar of Ashenzari.
  2816 | D:4      | Found an opulent altar of Gozag.
  2822 | D:4      | Found a blossoming altar of Fedhas.
  2822 | D:4      | Found a glowing golden altar of the Shining One.
  2823 | D:4      | Found a radiant altar of Vehumet.
  2827 | D:4      | Found a sacrificial altar of Ru.
  3182 | D:5      | Entered Level 5 of the Dungeon
  3366 | D:5      | Found a deep blue altar of Sif Muna.
  3385 | D:5      | Reached skill level 5 in Axes
  3385 | D:5      | Reached XP level 6. HP: 6/53 MP: 6/6
  3672 | D:5      | Noticed a phantom
  3701 | D:5      | Killed a phantom
  3738 | D:5      | Became a worshipper of Beogh the Brigand
  3746 | D:5      | Found a staircase to the Ecumenical Temple.
  3769 | D:5      | Noticed Menkaure
  3779 | D:5      | Noticed a phantom
  3781 | D:5      | Slain by Menkaure

Skill      XL: |  1  2  3  4  5  6 |
---------------+-------------------+-----
Axes           | 3 4 5 |  5.5
Fighting       | 4 |  4.5
Dodging        | 1 2 |  2.1
Shields        | 4 |  4.3
Armour         | 4 |  4.3

Action                   |  1- 3 |  4- 6 || total
-------------------------+-------+-------++-------
Melee: War axe           |   111 |   193 ||   304
Invok: Convert to Beogh  |       |     1 ||     1
  Use: Scroll            |       |     5 ||     5
       Potion            |       |     1 ||     1
  Eat: Chunk             |     2 |     7 ||     9
Armor: Scale mail        |    59 |    75 ||   134
Dodge: Dodged            |    32 |    62 ||    94
Block: Shield            |    62 |    96 ||   158
